 Dungeon Crawl Stone Soup version 0.19.0-19-g8c6edcc (webtiles) character file.

3359 Gargoyl the Chopper (level 9, -14/69 HPs)
             Began as a Demonspawn Abyssal Knight on Nov 16, 2016.
             Was a High Priest of Lugonu.
             Shot with a bolt by an orc warrior (15 damage)
             ... in a bailey.
             The game lasted 00:17:53 (8265 turns).

Gargoyl the Chopper (Demonspawn Abyssal Knight)     Turns: 8265, Time: 00:17:54

Health: -14/69     AC: 21    Str: 17    XL:     9   Next: 73%
Magic:  0/14       EV: 11    Int: 13    God:    Lugonu [*****.]
Gold:   371        SH:  4    Dex: 17    Spells: 0 memorised, 8 levels left

rFire  . . .     SeeInvis .     n - +4 battleaxe (elec)
rCold  . . .     Gourm    .     G - +0 plate armour
rNeg   . . .     Faith    .     (shield currently unavailable)
rPois  .         Spirit   +     (helmet restricted)
rElec  .         Reflect  .     b - +2 cloak
rCorr  .         Harm     .     A - +1 pair of gloves
MR     .....                    i - +2 pair of boots {Stlth+}
Stlth  ..........               (no amulet)
                                (no ring)
                                (no ring)

@: agile, very slightly contaminated, hasted, very quick
A: antennae 1, large bone plates 1, powered by pain 2, magic shield
a: Depart the Abyss, Bend Space, Banish, Corrupt, Enter the Abyss, Renounce
Religion


You were in a bailey.
You worshipped Lugonu.
Lugonu was extremely pleased with you.
You were hungry.

You visited 1 branch of the dungeon, and saw 9 of its levels.
You visited the Abyss 1 time.
You also visited: Ossuary and Bailey.

You collected 371 gold pieces.

Inventory:

Hand Weapons
 n - a +4 battleaxe of electrocution (weapon)
 F - a +0 battleaxe
Missiles
 q - 3 tomahawks (quivered)
Armour
 b - a +2 cloak (worn)
 i - a +2 pair of boots of stealth (worn)
 A - a +1 pair of gloves (worn)
 G - a +0 plate armour (worn)
Wands
 d - a wand of flame (28/48)
Scrolls
 e - a scroll of teleportation
 f - 9 scrolls of identify
 l - 2 scrolls of magic mapping
 s - a scroll of fog
 y - 2 scrolls of blinking
 D - 2 scrolls of silence
 E - 2 scrolls of remove curse
Potions
 k - 6 potions of curing
 m - 2 potions of might {unknown}
 o - 2 potions of degeneration {unknown}
 p - 3 potions of agility
 v - a potion of cure mutation {unknown}
 w - 2 potions of magic {unknown}
 B - a potion of lignification {unknown}
Books
 h - a book of Cantrips

   Spells                             Type                      Level
   a - Confusing Touch                Hexes                        1
   b - Animate Skeleton               Necromancy                   1
   c - Summon Small Mammal            Summoning                    1
   d - Apportation                    Translocation                1
Comestibles
 a - a beef jerky
 c - 6 bread rations
 j - a slice of pizza
 r - 4 meat rations
 t - a chunk of flesh
 x - a royal jelly


   Skills:
 + Level 5.9 Fighting
 + Level 7.9 Axes
 + Level 2.4 Throwing
 * Level 6.5 Armour
 + Level 2.6 Dodging
 * Level 7.7 Invocations


You had 8 spell levels left.
You didn't know any spells.

Dungeon Overview and Level Annotations

Branches:
Dungeon (9/15)             Temple (0/1) D:4
   Lair: D:8-11         Orc: D:9-12

Altars:
Ashenzari
Dithmenos
Elyvilon
Fedhas
Gozag
Hepliaklqana
Makhleb
Ru
Sif Muna
Xom
The Shining One


Innate Abilities, Weirdness & Mutations

You have a pair of small antennae on your head.
You are partially covered in large bone plates. (SH +4)
You sometimes gain power by taking damage.
When hurt, damage is shared between your health and your magic reserves.


Message History

You see here a bolt.
The orc warrior wields an uncursed arbalest.
The orc warrior shoots a bolt.
The bolt hits you!
* * * LOW HITPOINT WARNING * * *
You focus on the pain.
You feel more agile all of a sudden.
You see here a bolt.
The orc warrior shoots a bolt.
The bolt hits you!
* * * LOW HITPOINT WARNING * * *
The orc unwields an uncursed arbalest.
The orc hits you but does no damage.
You see here 4 bolts.
You barely miss the orc.
The orc warrior shoots a bolt.
The bolt hits you!
* * * LOW HITPOINT WARNING * * *
You closely miss the orc.
The orc warrior shoots a bolt.
The bolt misses you. The orc misses you.
The orc warrior shoots a bolt.
You block the bolt.
You hit the orc but do no damage.
The orc warrior shoots a bolt.
The bolt hits you.
* * * LOW HITPOINT WARNING * * *
The orc misses you.
The orc warrior shoots a bolt.
The bolt hits you!
You die...

≈≈≈≈≈≈≈##o##≈....(.#
≈≈#o#≈≈....(.#
≈≈≈≈≈≈≈o.....#
≈≈≈≈≈≈≈....(.#
≈≈≈o≈≈o....(.#
o≈≈≈≈≈≈((....#
≈≈≈≈≈≈))((...#
≈≈≈≈≈≈≈..(.(.#
≈≈≈≈≈≈≈..(@..#
≈≈≈≈≈≈≈....o.#
≈≈≈≈≈≈≈......#
≈≈≈≈≈≈≈......#
≈≈≈≈≈≈≈......#
≈≈≈≈≈≈......# ##
≈≈≈≈≈......# ≈≈
#o#≈≈......# ≈≈


You could see 4 orc warriors and 2 orcs.

Vanquished Creatures
  Eustachio (D:6)
  A hungry ghost (D:7)
  Duvessa (D:4)
  4 orc warriors
  A black bear (D:6)
  4 phantoms
  A sky beast (D:8)
  A necrophage (D:6)
  4 ogres
  2 elf zombies (Ossuary)
  2 bullfrogs
  Dowan (D:4)
  2 scorpions
  A howler monkey (D:3)
  2 centaur zombies (Ossuary)
  3 crimson imps (D:7)
  3 human zombies (Ossuary)
  4 hounds
  5 orc wizards
  2 orc priests
  A centaur skeleton (D:8)
  3 iguanas
  6 worker ants
  2 big kobold zombies (Ossuary)
  A hound skeleton (D:8)
  2 mummies (Ossuary)
  A worker ant zombie (D:5)
  8 adders
  4 shadow imps
  2 adder skeletons
  3 worms (D:4)
  3 dart slugs (D:2)
  8 leopard geckos
  26 orcs
  5 giant cockroaches
  11 goblins
  7 hobgoblins
  5 jackals (D:4)
  A kobold (D:1)
  4 quokkas
  2 ball pythons
  9 bats
  A frilled lizard (D:2)
  10 hobgoblin zombies (Ossuary)
  2 jackal zombies
  8 kobold zombies (Ossuary)
  A leopard gecko skeleton (D:5)
  8 orc zombies (Ossuary)
  2 quokka skeletons
  A quokka zombie (D:5)
  3 rats
  A rat zombie (Ossuary)
196 creatures vanquished.

Notes
Turn   | Place    | Note
-------+----------+-------------------------------------------
     0 | Abyss:1  | Gargoyl the Demonspawn Abyssal Knight began the quest for the Orb.
     0 | Abyss:1  | Reached XP level 1. HP: 18/18 MP: 2/2
     1 | Abyss:1  | Found a burning altar of Makhleb.
    89 | Abyss:2  | Noticed a large abomination
    90 | D:1      | Escaped the Abyss
   449 | D:1      | Reached * piety under Lugonu
   703 | D:1      | Gained mutation: You sometimes gain a little power by taking damage. [demonic ancestry]
   703 | D:1      | Reached XP level 2. HP: 24/24 MP: 3/3
  1015 | D:2      | Reached skill level 1 in Dodging
  1015 | D:2      | Reached XP level 3. HP: 29/29 MP: 4/4
  1106 | D:2      | Reached skill level 1 in Throwing
  1116 | D:2      | Found a shimmering altar of Xom.
  1118 | D:2      | Found a white marble altar of Elyvilon.
  1118 | D:2      | Found a glowing golden altar of the Shining One.
  1120 | D:2      | Found a white marble altar of Elyvilon.
  1120 | D:2      | Found a blossoming altar of Fedhas.
  1120 | D:2      | Found a shimmering altar of Xom.
  1320 | D:3      | Gained mutation: You are partially covered in large bone plates. (SH +4) [demonic ancestry]
  1320 | D:3      | Reached XP level 4. HP: 33/35 MP: 4/6
  1823 | D:4      | Reached XP level 5. HP: 25/41 MP: 7/7
  2027 | D:4      | Found a shattered altar of Ashenzari.
  2283 | D:4      | Found a staircase to the Ecumenical Temple.
  2357 | D:5      | Entered Level 5 of the Dungeon
  2883 | D:4      | Reached ** piety under Lugonu
  2918 | D:4      | Reached XP level 6. HP: 31/48 MP: 7/9
  3068 | D:4      | Noticed Duvessa
  3069 | D:4      | Noticed Dowan
  3093 | D:4      | Killed Duvessa
  3115 | D:4      | Killed Dowan
  3299 | D:4      | HP: 2/48 [ogre/giant spiked club (10)]
  3313 | D:4      | Gained mutation: You sometimes gain power by taking damage. [demonic ancestry]
  3313 | D:4      | Reached XP level 7. HP: 20/54 MP: 10/10
  4312 | D:4      | Reached skill level 5 in Invocations
  5353 | D:5      | Gained mutation: You have a pair of small antennae on your head. [demonic ancestry]
  5353 | D:5      | Reached XP level 8. HP: 50/61 MP: 10/12
  5457 | D:5      | Reached skill level 5 in Axes
  5496 | D:5      | Found a shadowy altar of Dithmenos.
  5503 | D:5      | Reached *** piety under Lugonu
  5507 | D:5      | Found a sacrificial altar of Ru.
  5507 | D:5      | Found a deep blue altar of Sif Muna.
  5511 | D:5      | Found a hazy altar of Hepliaklqana.
  5511 | D:5      | Found a burning altar of Makhleb.
  5813 | D:6      | Reached skill level 5 in Fighting
  5860 | D:6      | Noticed Eustachio
  5878 | D:6      | Killed Eustachio
  6020 | D:6      | Found a sand-covered staircase.
  6033 | Ossuary  | Entered an ossuary
  6167 | Ossuary  | Reached skill level 5 in Armour
  6168 | Ossuary  | Reached **** piety under Lugonu
  6533 | D:7      | Gained mutation: When hurt, damage is shared between your health and your magic reserves. [demonic ancestry]
  6533 | D:7      | Reached XP level 9. HP: 60/68 MP: 14/14
  7703 | D:8      | Found an opulent altar of Gozag.
  7774 | D:8      | Reached ***** piety under Lugonu
  7944 | D:9      | Found a flagged portal.
  7962 | Bailey   | Entered a bailey
  8263 | Bailey   | HP: 3/69 [orc warrior/bolt (7)]
  8265 | Bailey   | HP: 1/69 [orc warrior/bolt (2)]
  8265 | Bailey   | Shot with a bolt by an orc warrior

Skill      XL: |  1  2  3  4  5  6  7  8  9 |
---------------+----------------------------+-----
Armour         | 2 3 4 5 6 |  6.5
Axes           | 2 3 4 6 7 |  7.9
Dodging        | 1 2 |  2.6
Throwing       | 1 2 |  2.4
Invocations    | 3 4 5 6 7 |  7.7
Fighting       | 4 5 |  5.9

Action                   |  1- 3 |  4- 6 |  7- 9 || total
-------------------------+-------+-------+-------++-------
Melee: Hand axe          |    56 |   174 |   293 ||   523
       Battleaxe         |       |       |   209 ||   209
Throw: Tomahawk          |    43 |    21 |     9 ||    73
Invok: Depart the Abyss  |     1 |       |       ||     1
  Use: Scroll            |       |     1 |    15 ||    16
       Potion            |       |     3 |     3 ||     6
 Stab: Sleeping          |     2 |       |       ||     2
  Eat: Chunk             |     1 |     7 |    14 ||    22
       Meat ration       |       |       |     3 ||     3
Armor: Leather armour    |    26 |    10 |       ||    36
       Scale mail        |       |    79 |    51 ||   130
       Chain mail        |       |       |   199 ||   199
       Plate armour      |       |       |   108 ||   108
Dodge: Dodged            |    35 |    88 |   228 ||   351
Block: Other             |       |    37 |   114 ||   151
